 Dungeon Crawl Stone Soup version 0.30.0-29-ga12c61a403 (console) character file.

Game seed: 1990132298550970271

519503 Banquo the Eclecticist (level 27, 228/228 HPs)
             Began as a Djinni Hedge Wizard on June 2, 2023.
             Was a High Priest of Ashenzari.
             Got out of the dungeon
             ... with 2 runes on June 8, 2023!
             The game lasted 07:25:30 (88282 turns).

Banquo the Eclecticist (Djinni Hedge Wizard)       Turns: 88282, Time: 07:25:31

Health: 228/228    AC: 23    Str: 12    XL:     27
Gold:   4106       EV: 22    Int: 32    God:    Ashenzari [*****.] SH: 16 Dex: 14

rFire   + + .        b - staff of earth "Tudgh" {Will++}
rCold   + + .        i - +0 kite shield "Fetters of Ashenzari" {AC+3, Melee, Self} (curse)
rNeg    + + +        d - +3 leather armour "Restrained Seer" {rC+++ Dex-3 Slay-6 Stlth+, Self, Fort} (curse)
rPois   ∞            h - +1 helmet of Desmomancy {Int+3, Self, Melee} (curse)
rElec   +            e - +0 cloak of the Ruined Seer {rElec rC+, Cun, Self} (curse)
rCorr   .            g - +1 pair of gloves of the Gnostic Jealousy {Stlth+, Self, Melee} (curse)
SInv    +            (boots unavailable)
Will    +++++        x - amulet of the Eye in the Sky {Fly rC- rN+++ Regen+, Cun, Self} (curse)
Stlth   ++++         p - ring of Supernal Knowledge {rPois Will++ AC+4 Str+3 Dex+3, Fort, Self} (curse)
HPRegen 1.38/turn    f - ring "Chained Discomfort" {Wiz, Fort, Cun} (curse)
MPRegen 0.00/turn

%: clarity, wizardry (x1)
@: flying, studying Maces & Flails
A: sickness immunity, fire resistance 2, cold vulnerability 1, float, innate
caster, HP casting, extra vitality 1
}: 2/15 runes: serpentine, barnacled
a: Renounce Religion, Shatter the Chains


You escaped.
You worshipped Ashenzari.
Ashenzari was extremely pleased with you.
You visited 10 branches of the dungeon, and saw 44 of its levels.
You also visited: Trove, Gauntlet and Wizlab.

You collected 8561 gold pieces.
You spent 4455 gold pieces at shops.

Inventory:

Hand Weapons
 a - the +8 trishula "Condemnation" {holy, anguish, *Noise Fly rN+}
   (You found it on level 9 of the Dungeon)

   rN:        It protects you from negative energy.
   Fly:       It grants you flight.
   *Noise:    It may make noises in combat.
 j - the +6 war axe "Gextixku" {antimagic, rC+ Int+5 Dex+2}
   (You found it on level 12 of the Dungeon)

   Int:       It affects your intelligence (+5).
   Dex:       It affects your dexterity (+2).
   rC:        It protects you from cold.
 n - the +5 dagger "Banquo's Peril" {heavy, rCorr}
   (You found it on level 3 of the Elven Halls)

   rCorr:     It protects you from acid and corrosion.
 H - the +5 demon whip "Spellbinder" {antimagic, disrupt, Will+}
   (You found it in a Gauntlet)

   Will:      It increases your willpower.
 P - the +12 spear "Qerchemp" {speed, rPois Will+ Dex-3 Stlth+}
   (You bought it in a shop on level 4 of the Depths)

   Dex:       It affects your dexterity (-3).
   rPois:     It protects you from poison.
   Will:      It increases your willpower.
   Stlth:     It makes you more stealthy.
Armour
 d - the cursed +3 leather armour "Restrained Seer" (worn) {rC+++ Dex-3 Slay-6 Stlth+, Self, Fort}
   (You bought it in a shop on level 5 of the Dungeon)

   Dex:       It affects your dexterity (-3).
   Slay:      It affects your accuracy & damage with ranged weapons and melee
   (-6).
   rC:        It renders you almost immune to cold.
   Stlth:     It makes you more stealthy.
   It has a curse which improves the following skills: Introspection: Fighting
   and Spellcasting.
   Fortitude: Armour and Shields.
 e - the cursed +0 cloak of the Ruined Seer (worn) {rElec rC+, Cun, Self}
   (You found it on level 8 of the Dungeon)

   rC:        It protects you from cold.
   rElec:     It insulates you from electricity.
   It has a curse which improves the following skills: Cunning: Dodging and
   Stealth.
   Introspection: Fighting and Spellcasting.
 g - the cursed +1 pair of gloves of the Gnostic Jealousy (worn) {Stlth+, Self, Melee}
   (You found it on level 1 of the Elven Halls)

   It has a curse which improves the following skills: Introspection: Fighting
   and Spellcasting.
   Melee Combat: Short Blades, Long Blades, Axes, Maces & Flails, Polearms,
   Staves and Unarmed Combat.
 h - the cursed +1 helmet of Desmomancy (worn) {Int+3, Self, Melee}
   (You found it in a Gauntlet)

   It has a curse which improves the following skills: Introspection: Fighting
   and Spellcasting.
   Melee Combat: Short Blades, Long Blades, Axes, Maces & Flails, Polearms,
   Staves and Unarmed Combat.
 i - the cursed +0 kite shield "Fetters of Ashenzari" (worn) {AC+3, Melee, Self}
   (You took it off a naga warrior on level 2 of the Snake Pit)

   It has a curse which improves the following skills: Melee Combat: Short
   Blades, Long Blades, Axes, Maces & Flails, Polearms, Staves and Unarmed
   Combat.
   Introspection: Fighting and Spellcasting.
Magical Staves
 b - the staff of earth "Tudgh" (weapon) {Will++}
   (You took it off a kobold brigand on level 9 of the Dungeon)

   [staff of earth]

   Your inability to study Earth Magic prevents you from drawing on the full
   power of this staff in melee.
   Base accuracy: +5 Base damage: 5 Base attack delay: 1.2 This weapon's minimum
   attack delay (0.6) is reached at skill level 12.
   Will:      It greatly increases your willpower.
   It falls into the 'Staves' category.
   It is a one-handed weapon.
 c - the staff of cold "Keummolu" {rC+ Dex+8}
   (You found it on level 3 of the Elven Halls)

   [staff of cold]

   Your inability to study Ice Magic prevents you from drawing on the full power
   of this staff in melee.
   Base accuracy: +5 Base damage: 5 Base attack delay: 1.2 This weapon's minimum
   attack delay (0.6) is reached at skill level 12.
   Dex:       It affects your dexterity (+8).
   rC:        It protects you from cold.
   It falls into the 'Staves' category.
   It is a one-handed weapon.
 Z - the staff of air "Pieg" {rElec rPois rN+ Int+4 SInv}
   (You found it on level 3 of the Elven Halls)

   [staff of air]

   Your inability to study Air Magic prevents you from drawing on the full power
   of this staff in melee.
   Base accuracy: +5 Base damage: 5 Base attack delay: 1.2 This weapon's minimum
   attack delay (0.6) is reached at skill level 12.
   Int:       It affects your intelligence (+4).
   rElec:     It insulates you from electricity.
   rPois:     It protects you from poison.
   rN:        It protects you from negative energy.
   SInv:      It lets you see invisible.
   It falls into the 'Staves' category.
   It is a one-handed weapon.
Jewellery
 f - the cursed ring "Chained Discomfort" (right hand) {Wiz, Fort, Cun}
   (You found it on level 3 of the Dungeon)

   [ring of wizardry]

   It improves your spell success rate.
   It has a curse which improves the following skills: Fortitude: Armour and
   Shields.
   Cunning:   Dodging and Stealth.
 l - a +5 ring of evasion
 p - the cursed ring of Supernal Knowledge (left hand) {rPois Will++ AC+4 Str+3 Dex+3, Fort, Self}
   (You bought it in a shop on level 4 of the Snake Pit)

   [ring of protection]

   AC:        It affects your AC (+4).
   Str:       It affects your strength (+3).
   Dex:       It affects your dexterity (+3).
   rPois:     It protects you from poison.
   Will:      It greatly increases your willpower.
   It has a curse which improves the following skills: Fortitude: Armour and
   Shields.
   Introspection: Fighting and Spellcasting.
 t - the ring "Ruklili" {Wiz *Corrode rPois rF+++ Dex-4}
   (You found it on level 3 of the Depths)

   [ring of wizardry]

   It improves your spell success rate.
   Dex:       It affects your dexterity (-4).
   rF:        It renders you almost immune to fire.
   rPois:     It protects you from poison.
   *Corrode:  It may corrode you when you take damage.
 x - the cursed amulet of the Eye in the Sky (around neck) {Fly rC- rN+++ Regen+, Cun, Self}
   (You bought it in a shop on level 1 of the Snake Pit)

   [amulet of regeneration]

   rC:        It makes you vulnerable to cold.
   rN:        It renders you almost immune to negative energy.
   Fly:       It grants you flight.
   Regen:     It increases your rate of health regeneration.
   It has a curse which improves the following skills: Cunning: Dodging and
   Stealth.
   Introspection: Fighting and Spellcasting.
Wands
 r - a wand of roots (49)
 D - a wand of digging (20)
 R - a wand of mindburst (66)
 X - a wand of quicksilver (26)
Scrolls
 m - 7 scrolls of magic mapping
 s - a scroll of enchant weapon
 u - 10 scrolls of poison
 w - 11 scrolls of fear
 y - 3 scrolls of butterflies
 F - 28 scrolls of teleportation
 J - 14 scrolls of fog
 Y - 7 scrolls of blinking
Potions
 k - 37 potions of curing
 o - 4 potions of resistance
 q - 11 potions of heal wounds
 z - 8 potions of ambrosia
 C - 10 potions of might
 N - 14 potions of haste
 O - 5 potions of brilliance
 W - 5 potions of invisibility
Miscellaneous
 G - a lightning rod (4/4)
 M - a box of beasts
 T - a phial of floods


   Skills:
 - Level 19.9(27) Fighting
 * Level 4.0(11.0) Axes
 - Level 12.2(16.5) Polearms
 - Level 15.0(19.1) Armour
 - Level 18.0(22.0) Dodging
 - Level 1.5(4.2) Stealth
 - Level 19.1(23.0) Shields
 - Level 19.9(27) Spellcasting


You knew the following spells:

 Your Spells              Type           Power      Damage    Failure   Level
a - Magic Dart            Conj           100%       1d8       0%          1
b - Volatile Blastmotes   Fire/Tloc      100%       2d18      0%          3
c - Mephitic Cloud        Conj/Pois/Air  100%       N/A       0%          3
d - Dispersal             Tloc           60%        N/A       0%          6
e - Apportation           Tloc           100%       N/A       0%          1
f - Cause Fear            Hex            60%        N/A       0%          4
g - Summon Cactus Giant   Summ           60%        N/A       0%          6
h - Death's Door          Necr           60%        N/A       1%          9
i - Call Imp              Summ           100%       N/A       0%          2
j - Conjure Ball Lightni  Conj/Air       60%        3x3d22    0%          6
l - Lee's Rapid Deconstr  Erth           72%        3d33*     0%          5
m - Malign Gateway        Summ/Tloc      60%        N/A       0%          7
p - Airstrike             Air            60%        2d(9-25)  0%          4
s - Slow                  Hex            100%       N/A       0%          1
w - Passwall              Tmut/Erth      100%       N/A       0%          2
B - Blink                 Tloc           100%       N/A       0%          2
M - Monstrous Menagerie   Summ           60%        N/A       0%          7
N - Borgnjor's Revivific  Necr           60%        N/A       1%          8
Your spell library was empty.

Dungeon Overview and Level Annotations

Branches:
Dungeon (15/15)            Temple (1/1) D:7            Lair (5/5) D:11
 Shoals (4/4) Lair:3        Snake (4/4) Lair:3        Slime (0/5) Lair:4
    Orc (2/2) D:10            Elf (3/3) Orc:2        Vaults (4/5) D:13
  Crypt (2/3) Vaults:3     Depths (4/4) D:15            Zot (0/5) Depths:4
 WizLab (visited)         Gauntlet (visited)

Altars:
Ashenzari
Cheibriados
Dithmenos
Elyvilon
Fedhas
Gozag
Makhleb
Qazlal
Ru
Trog
Uskayaw
Wu Jian
Xom
Yredelemnul
The Shining One
Jiyva
Lugonu

Shops:
D:4 (   D:5 ([[!   D:9 [   Orc:2 :((?[   Elf:1 *?   Elf:2 (   Snake:1 *
Snake:2 :   Snake:3 !?   Snake:4 =   Vaults:4 !!?   Depths:4 (?[[:

Portals:
Hell: Depths:1 Depths:2 Depths:3 Depths:4
Abyss: Depths:3
Pandemonium: Depths:2
Ziggurat: Depths:3

Annotations:
Lair:4 & a rock vault
Elf:2 3 runed translucent doors


Innate Abilities, Weirdness & Mutations

You are immune to sickness and miasma.
You are immune to poison.
Your flesh is very heat resistant. (rF++)
You are vulnerable to cold. (rC-)
You float through the air rather than walking.
You learn spells naturally, not from books.
Your magical power is your life essence.
You have superior vitality. (+4 MHP)


Message History

There is a stone staircase leading down here.
There is a stone staircase leading up here.
You fly upwards.
There is a stone staircase leading down here.
There is a stone staircase leading up here.
You fly upwards.
There is a stone staircase leading down here.
There is a stone staircase leading down here.
There is a stone staircase leading up here.
You fly upwards.
There is a stone staircase leading down here.
Items here: ! " ))))))) / ?? [[[[[[[ |.
There is a stone staircase leading up here.
You fly upwards.
There is a stone staircase leading down here.
There is a stone staircase leading up here.
You fly upwards.
There is a stone staircase leading down here.
There is a stone staircase leading up here.
You fly upwards.
There is a stone staircase leading down here.
There is a stone staircase leading up here.
You fly upwards.
There is a stone staircase leading down here.
There is an open door here.
There is a stone staircase leading up here.
You fly upwards.
There is a stone staircase leading down here.
There is an open door here.
There is a stone staircase leading up here.
You fly upwards.
There is a stone staircase leading down here.
There is a stone staircase leading up here.
You fly upwards.
There is a stone staircase leading down here.
Press: ? - help, v - describe, . - travel A stone staircase leading down.
There is a staircase leading out of the dungeon here.
Are you sure you want to leave the Dungeon?
This will make you lose the game!
You have escaped!

......[.#######..##########...#.#
#.......#.#...#.###.##..###..##.#
##.....##...#.#...#..#.##.......#
##...#######.###.##.#..##.######
##'#####....#....#.##.##.#
#....#..##.#..#......##.#
####.#######..#..#########.#
......####...###.#...#....^#### #
.##...#..#.#....@....#.#......###
.#.........#...#.###...###.##.##.
.##...##########..#..#####.##.#.#
...#..###......#..#.##..##.##..##
.#......#.##.#....#....###.....#
.###....#..#.##.###.#####......##
.###..####.#..#...#.#...#######.#
......###..##.###.#...#.########.
####....########..#######.....###


There were no monsters in sight!

Vanquished Creatures
  Vv (Crypt:2)
  Vashnia (Snake:2)
  Asterion (Snake:3)
  4 deep elf master archers (Elf:3)
  A walking divine tome (Depths:4)
  2 acid blobs (Depths:3)
  A sphinx (Vaults:2)
  4 ancient champions
  A storm dragon (Depths:3)
  An eldritch tentacle (WizLab)
  Agnes (Elf:1)
  A tentacled starspawn (WizLab)
  A shadow dragon (Depths:2)
  A tengu reaver (Depths:2)
  5 nagarajas
  A draconian monk (Depths:4)
  Ilsuiw (Shoals:2)
  2 frost giants
  2 revenants
  3 rockslimes (Depths:3)
  3 fire giants
  11 vault wardens
  A frost giant (shapeshifter) (D:9)
  3 deep elf sorcerers
  A curse skull (Crypt:2)
  9 ironbound preservers
  A draconian stormcaller (Depths:4)
  3 war gargoyles
  4 deep elf elementalists (Elf:3)
  A very ugly thing (Vaults:4)
  7 stone giants
  3 vampire knights
  9 deep elf annihilators
  Nessos (D:13)
  4 deep elf demonologists
  6 ironbound thunderhulks
  A white draconian (Depths:4)
  2 spark wasps (Depths:1)
  6 dire elephants (Vaults:1)
  A minotaur (Gauntlet)
  3 eidola
  10 deep elf death magi
  4 fire dragons (Depths:4)
  3 blizzard demons
  7 merfolk javelineers
  2 crystal guardians
  5 merfolk impalers
  5 ettins
  An entropy weaver (Vaults:2)
  7 jiangshi
  10 deep elf high priests
  9 yaktaur captains
  4 rakshasas
  Josephine (D:14)
  A hell beast (Gauntlet)
  4 great orbs of eyes
  5 ice dragons
  5 salamander tyrants (Snake:4)
  4 vault guards (Vaults:2)
  7 hydras
  A catoblepas (Lair:5)
  5 spriggan air magi
  2 merfolk avatars (Shoals:4)
  6 alligator snapping turtles
  3 anacondas
  3 peacekeepers
  12 ironbound frosthearts
  A death knight (D:14)
  A spriggan skeleton (Crypt:1)
  An ogre mage (D:12)
  20 dancing weapons
  17 centaur warriors
  8 two-headed ogres
  3 merfolk aquamancers
  11 naga warriors
  10 deep troll shamans
  3 spriggan berserkers
  10 death yaks
  5 boulder beetles
  A satyr (Shoals:4)
  11 deep troll earth magi
  4 tengu warriors
  4 vampire magi
  14 naga sharpshooters
  4 hell knights (Depths:3)
  5 orc high priests (Orc:2)
  11 deep elf knights
  2 soul eaters
  4 shock serpents
  4 skeletal warriors
  Sonja (Lair:1)
  A storm dragon zombie (Depths:1)
  A storm dragon skeleton (Vaults:2)
  Amaemon (D:9)
  4 iron trolls (Depths:2)
  6 skysharks
  A spriggan (Lair:3)
  2 sixfirhies
  A titan skeleton (Crypt:1)
  6 shadow wraiths (Depths:2)
  17 sea snakes
  4 salamander mystics
  45 deep trolls
  3 glowing orange brains
  3 flayed ghosts
  A glowing orange brain (shapeshifter) (Depths:2)
  A bog body (Crypt:2)
  An orb spider (shapeshifter) (Vaults:4)
  3 naga ritualists
  13 deep elf archers
  12 ironbound convokers
  A shadow demon (Depths:2)
  2 obsidian statues
  7 mana vipers
  An orange crystal statue (D:9)
  5 wizards
  21 deep elf pyromancers
  6 orc knights (Orc:2)
  7 phantasmal warriors
  17 deep elf zephyrmancers
  15 lindwurms
  24 harpies
  5 necromancers
  6 oklob plants
  3 orc sorcerers
  7 cyclopes
  16 manticores
  24 salamanders
  7 ugly things
  12 fauns
  A moth of wrath (shapeshifter) (D:15)
  12 merfolk sirens
  A stone giant skeleton (Depths:1)
  14 elephants
  8 naga magi
  Maurice (D:11)
  3 guardian serpents
  6 water nymphs
  A rust devil (Depths:2)
  8 vault sentinels
  An eye of devastation (Depths:3)
  27 black mambas
  A torpor snail (Lair:4)
  2 smoke demons
  An orange demon (D:9)
  7 gargoyles
  An unseen horror (D:12)
  4 rime drakes
  A swamp worm zombie (Crypt:1)
  A rime drake (shapeshifter) (D:14)
  A kobold demonologist (D:9)
  35 yaktaurs
  15 cane toads
  6 komodo dragons
  7 freezing wraiths
  An efreet (D:15)
  An ice devil (Depths:2)
  2 red devils (WizLab)
  An ancient zyme (WizLab)
  A tengu conjurer (Depths:1)
  3 trolls
  3 meliai (Lair:4)
  A queen bee (Lair:4)
  44 merfolk
  3 wind drakes
  4 polar bears
  A large abomination (D:12)
  Grinder (D:3)
  2 hellwings (Depths:2)
  5 hornets
  3 raiju
  A blink frog (shapeshifter) (D:14)
  16 blink frogs
  11 dream sheep (Lair:5)
  3 flying skulls (Crypt:1)
  9 snapping turtles
  23 slime creatures
  A centaur simulacrum (D:14)
  4 shadows
  Sigmund (D:3)
  An ettin skeleton (Vaults:2)
  13 water elementals
  11 wyverns
  A vampire (D:9)
  An air elemental (Elf:2)
  5 fire elementals
  20 yaks
  7 wraiths
  A golden eye (Depths:3)
  A black mamba skeleton (Crypt:1)
  A chaos spawn (Depths:2)
  A neqoxec (Depths:2)
  4 basilisks
  6 steam dragons
  20 nagas
  4 spatial vortices (WizLab)
  3 wargs
  Edmund (D:6)
  2 naga zombies
  2 acid dragons
  A demonspawn skeleton (Crypt:1)
  18 water moccasins
  A floating eye (Depths:3)
  A sky beast (D:7)
  39 orc warriors
  A two-headed ogre skeleton (Crypt:1)
  A faun skeleton (Crypt:1)
  2 black bears
  7 ice beasts
  7 ogres
  44 wolves
  A lindwurm zombie (Crypt:1)
  7 boggarts
  15 centaurs
  A dream sheep skeleton (Crypt:1)
  A human skeleton (WizLab)
  Blork the orc (D:6)
  14 bullfrogs
  3 kobold brigands
  2 earth elementals
  A scorpion (D:6)
  15 wights
  A water moccasin skeleton (Crypt:2)
  45 killer bees
  6 electric eels
  7 howler monkeys
  A quasit (WizLab)
  A black bear zombie (Crypt:1)
  2 hounds
  A jelly (D:7)
  27 orc priests
  Crazy Yiuf (D:7)
  3 iguanas
  Natasha (thrice) (D:2)
  18 orc wizards
  8 hell rats
  3 gnolls
  7 adders
  2 river rats (Lair:4)
  3 shadow imps
  A white imp (D:6)
  3 ufetubi
  A worm (D:3)
  A dart slug (D:2)
  80 orcs
  13 ball pythons
  4 bats
  A bat skeleton (Crypt:2)
  7 endoplasms
  3 giant cockroaches
  2 goblins
  8 hobgoblins
  2 jackals
  5 quokkas
  3 training dummies (D:4)
  A ball python skeleton (Crypt:1)
  9 frilled lizards
  15 kobolds
  4 rats
1608 creatures vanquished.

Vanquished Creatures (collateral kills)
  Boris (Vaults:3)
  Bai Suzhen (Depths:1)
  A golden dragon (Depths:4)
  A Tzitzimitl (Depths:2)
  A bone dragon (Vaults:3)
  A walking frostbound tome (Depths:2)
  2 deep elf blademasters (Elf:3)
  An acid blob (Depths:3)
  2 eldritch tentacles
  A tentacled starspawn (WizLab)
  3 shadow dragons
  3 frost giants
  2 revenants (Crypt:1)
  4 fire giants
  2 iron dragons (Elf:1)
  Aizul (Snake:3)
  4 vault wardens
  An orc warlord (Vaults:3)
  5 ghouls (Crypt:2)
  14 very ugly things
  4 ironbound preservers
  The ghost of Juirae the Grappler, a journeyman TrMo of Wu Jian (Lair:4)
  2 green draconians (Depths:4)
  4 ironbound thunderhulks
  A stone giant (Depths:1)
  A deep elf demonologist (Elf:3)
  7 dire elephants
  5 vampire knights
  A deep elf annihilator (Elf:3)
  5 ettins
  An eidolon (Crypt:2)
  2 merfolk impalers
  3 jiangshi
  3 fire dragons
  A merfolk javelineer (Depths:1)
  A yaktaur captain (Vaults:4)
  4 great orbs of eyes
  A rakshasa (Depths:3)
  A caustic shrike simulacrum (Depths:1)
  3 ice dragons
  A spriggan air mage (Depths:3)
  4 centaur warriors
  An ogre mage (Vaults:3)
  An anaconda (Snake:3)
  4 ironbound frosthearts
  5 dancing weapons
  An alligator snapping turtle (Shoals:2)
  4 deep troll shamans (Depths:3)
  A merfolk aquamancer (Shoals:1)
  A tengu warrior (Depths:3)
  2 two-headed ogres (Vaults:3)
  A naga warrior (Snake:3)
  5 deep troll earth magi
  2 vampire magi
  A spriggan berserker (Depths:3)
  3 hell knights
  A storm dragon zombie (Crypt:1)
  A skeletal warrior (Crypt:2)
  7 iron trolls
  An iron giant zombie (Crypt:2)
  A sea snake (Shoals:4)
  31 deep trolls
  A wizard (Vaults:2)
  3 bog bodies (Crypt:2)
  A deep elf archer (Elf:3)
  2 shadow demons (Depths:2)
  5 phantasmal warriors
  5 harpies
  4 ironbound convokers
  A deep elf pyromancer (Elf:3)
  A lindwurm (Vaults:2)
  3 orc knights
  A mana viper (WizLab)
  A necromancer (Crypt:1)
  A sphinx zombie (Depths:1)
  2 oklob plants (Lair:4)
  A deep elf zephyrmancer (Elf:3)
  A faun (Shoals:2)
  7 ugly things
  An elephant (Lair:1)
  2 merfolk sirens
  A vault sentinel (Vaults:4)
  A demonic crawler (WizLab)
  An alligator snapping turtle zombie (Crypt:1)
  A demonspawn skeleton (WizLab)
  An elf zombie (Vaults:2)
  12 yaktaurs
  An ice devil (WizLab)
  A meliai (shapeshifter) (Depths:2)
  A yaktaur skeleton (WizLab)
  2 merfolk
  A wind drake (Vaults:3)
  3 blink frogs
  3 hornets
  A raiju (D:12)
  2 snapping turtles (Shoals:1)
  3 spriggans
  11 slime creatures
  A wraith (Crypt:1)
  An air elemental (Elf:3)
  A culicivora (shapeshifter) (Depths:4)
  A ynoxinul (WizLab)
  A water elemental (Shoals:1)
  A spatial vortex (WizLab)
  A glowing shapeshifter skeleton (Crypt:2)
  A water moccasin (D:6)
  A large abomination (D:12)
  An ogre (Vaults:3)
  A dream sheep skeleton (Crypt:1)
  A necrophage (Crypt:2)
  A scorpion (D:4)
  A human simulacrum (Depths:1)
  An earth elemental (WizLab)
  A wight (D:6)
  A small abomination (D:12)
  3 hounds
  4 gnolls
  A white imp (WizLab)
  A worm (D:2)
  9 orcs
  3 giant cockroaches
  6 jackals
  5 kobolds
  A quokka (D:2)
  A bat (D:1)
  A frilled lizard (D:1)
  12 ball lightnings
  A butterfly (Lair:1)
335 creatures vanquished.

Vanquished Creatures (others)
  93 eldritch tentacles
  A fire giant (Depths:3)
  A tengu warrior (Depths:3)
  A deep troll (Depths:2)
  An ugly thing (Depths:3)
  A wind drake (Vaults:3)
  306 ball lightnings
404 creatures vanquished.

Grand Total: 2347 creatures vanquished

Notes
Turn   | Place    | Note
-------+----------+-------------------------------------------
     0 | D:1      | Banquo the Djinni Hedge Wizard began the quest for the Orb.
     0 | D:1      | Banquo set off with the following spells memorised: Magic
                  | Dart, Slow, Blink, Call Imp, Mephitic Cloud.
     0 | D:1      | Reached XP level 1. HP: 15/15 MP: 0/0
   210 | D:2      | Reached XP level 2. HP: 10/22 MP: 0/0
   406 | D:2      | Reached skill level 1 in Fighting
   406 | D:2      | Reached XP level 3. HP: 23/27 MP: 0/0
   406 | D:2      | Learned a level 1 spell: Apportation
   931 | D:1      | Reached XP level 4. HP: 27/32 MP: 0/0
  1762 | D:2      | Noticed Natasha
  1801 | D:2      | Killed Natasha
  1809 | D:2      | Found a faded altar of an unknown god.
  1889 | D:2      | Noticed Natasha
  1896 | D:2      | Killed Natasha
  1897 | D:2      | Reached XP level 5. HP: 37/38 MP: 0/0
  1897 | D:2      | Learned a level 2 spell: Passwall
  1940 | D:2      | Noticed Natasha
  1948 | D:2      | Killed Natasha
  2504 | D:3      | Reached XP level 6. HP: 43/43 MP: 0/0
  2506 | D:3      | Noticed Sigmund
  2514 | D:3      | Killed Sigmund
  2566 | D:3      | Found a snail-covered altar of Cheibriados.
  2567 | D:3      | Found a basalt altar of Yredelemnul.
  2720 | D:3      | Reached skill level 5 in Spellcasting
  2725 | D:3      | Noticed Grinder
  2748 | D:3      | Reached XP level 7. HP: 49/49 MP: 0/0
  2748 | D:3      | Learned a level 3 spell: Volatile Blastmotes
  2765 | D:3      | Paralysed by Grinder for 2 turns
  2783 | D:3      | Killed Grinder
  2855 | D:3      | Identified the +0 helmet "Jevucesk" {Stlth+}
  3585 | D:4      | Reached XP level 8. HP: 50/56 MP: 0/0
  3823 | D:4      | Found Ynerch's Firing Range.
  4185 | D:4      | Found an ornate altar of the Wu Jian Council.
  4558 | D:5      | Entered Level 5 of the Dungeon
  4698 | D:5      | Found Erchosog's Antique Armour Emporium.
  4858 | D:5      | Found a blossoming altar of Fedhas.
  4860 | D:5      | Found an opulent altar of Gozag.
  4861 | D:5      | Found a hide-covered altar of Uskayaw.
  4962 | D:5      | Found Codemmole's Antique Weapon Shoppe.
  4983 | D:5      | Found Eprack's Distillery.
  5164 | D:5      | Found Alelivuw's Antique Armour Shop.
  5172 | D:5      | Found Maalenys's Distillery.
  5320 | D:5      | Found a white marble altar of Elyvilon.
  5328 | D:5      | Found a bloodstained altar of Trog.
  5486 | D:6      | Reached XP level 9. HP: 41/62 MP: 0/0
  5486 | D:6      | Learned a level 4 spell: Airstrike
  5887 | D:6      | Noticed Blork the orc
  5891 | D:6      | Killed Blork the orc
  5892 | D:6      | Reached skill level 5 in Dodging
  6697 | D:6      | Noticed Edmund
  6706 | D:6      | Killed Edmund
  6707 | D:6      | Reached skill level 5 in Fighting
  7092 | D:5      | Bought a crude scarf for 230 gold pieces
  7092 | D:5      | Identified the scarf "Qinug" {+Inv, Stlth+} (You bought it
                  | in a shop on level 5 of the Dungeon)
  7485 | D:7      | Found a staircase to the Ecumenical Temple.
  7493 | Temple   | Entered the Ecumenical Temple
  7498 | Temple   | Became a worshipper of Ashenzari the Shackled
  7894 | D:7      | Noticed a gargoyle
  8065 | D:7      | Found a runed translucent door.
  8066 | D:7      | Noticed Crazy Yiuf
  8277 | D:7      | Reached XP level 10. HP: 36/70 MP: 0/0
  8703 | D:8      | Identified the +0 cloak of the Devil {rElec rC+}
  9627 | D:8      | Reached * piety under Ashenzari
  9627 | D:8      | Identified a scroll of acquirement
  9640 | D:8      | Identified the Book of Mutated Blasts (You found it on
                  | level 5 of the Dungeon)
  9641 | D:8      | Acquired 1272 gold pieces
  9686 | D:5      | Identified the Book of Mutated Blasts (You found it on
                  | level 5 of the Dungeon)
  9699 | D:5      | Bought an ominously black robe for 159 gold pieces
  9699 | D:5      | Identified the +1 robe "Avitar Vete" {Int+2} (You bought it
                  | in a shop on level 5 of the Dungeon)
  9699 | D:5      | Bought a smelly leather armour for 196 gold pieces
  9699 | D:5      | Identified the +3 leather armour of Jeh Acit {rC+++ Dex-3
                  | Slay-6 Stlth+} (You bought it in a shop on level 5 of the
                  | Dungeon)
  9766 | D:5      | Bought a jewelled mace for 200 gold pieces
  9766 | D:5      | Identified the +0 mace of Fysmoit {drain, rF- Dex+4 SInv}
                  | (You bought it in a shop on level 5 of the Dungeon)
  9824 | D:5      | Bought a dazzling ring mail for 252 gold pieces
  9824 | D:5      | Identified the +1 ring mail of Wu Jian's Esteem {rN+ rCorr}
                  | (You bought it in a shop on level 5 of the Dungeon)
 10099 | D:9      | Noticed a kobold demonologist
 10102 | D:9      | Killed a kobold demonologist
 10269 | D:9      | Found Meprucw's Armour Boutique.
 10354 | D:9      | Noticed a boulder beetle
 10554 | D:9      | Found a sacrificial altar of Ru.
 10559 | D:9      | Found the +8 trishula "Condemnation" {holy, anguish, *Noise
                  | Fly rN+}
 10573 | D:9      | Noticed an entropy weaver
 10579 | D:9      | an entropy weaver changed into a harpy
 10579 | D:9      | Noticed a harpy (shapeshifter)
 10587 | D:9      | Noticed a two-headed ogre
 10589 | D:9      | Noticed a two-headed ogre
 10590 | D:9      | Noticed a gargoyle
 10912 | D:9      | Reached skill level 10 in Spellcasting
 11171 | D:9      | Killed a gargoyle
 11741 | D:9      | Noticed Amaemon
 11745 | D:9      | Killed Amaemon
 11746 | D:9      | Reached XP level 11. HP: 63/78 MP: 0/0
 11746 | D:9      | Learned a level 4 spell: Cause Fear
 11861 | D:9      | Identified the staff of earth "Tudgh" {Will++}
 12025 | D:9      | Noticed an orange crystal statue
 12040 | D:9      | Killed a boulder beetle
 12333 | D:9      | Killed a two-headed ogre
 12618 | D:9      | Noticed a shadow dragon
 12811 | D:9      | Noticed a manticore
 12827 | D:9      | Noticed a frost giant
 12834 | D:9      | Killed a frost giant
 13038 | D:9      | Noticed a soul eater
 13324 | D:9      | Killed a two-headed ogre
 13398 | D:9      | Reached ** piety under Ashenzari
 13878 | D:10     | Entered Level 10 of the Dungeon
 13965 | D:10     | Found a shadowy altar of Dithmenos.
 14622 | D:10     | Found a glowing golden altar of the Shining One.
 14702 | D:10     | Noticed a two-headed ogre
 14706 | D:10     | Killed a two-headed ogre
 14707 | D:10     | Reached XP level 12. HP: 72/88 MP: 0/0
 14760 | D:10     | Found a staircase to the Orcish Mines.
 15449 | D:11     | Noticed a two-headed ogre
 15457 | D:11     | Killed a two-headed ogre
 15638 | D:11     | Found a staircase to the Lair.
 15707 | D:11     | Noticed a boulder beetle
 15717 | D:11     | Killed a boulder beetle
 15729 | D:11     | Noticed a boulder beetle
 15741 | D:11     | Killed a boulder beetle
 15742 | D:11     | Reached skill level 1 in Armour
 16013 | D:11     | Reached skill level 1 in Polearms
 16147 | D:11     | Noticed Maurice
 16154 | D:11     | Killed Maurice
 16451 | D:11     | Noticed a two-headed ogre
 16625 | D:11     | Killed a two-headed ogre
 16676 | D:11     | Reached *** piety under Ashenzari
 17150 | D:11     | Found a staircase to the Lair.
 17568 | Lair:1   | Entered Level 1 of the Lair of Beasts
 17568 | Lair:1   | Noticed Sonja
 17570 | Lair:1   | Killed Sonja
 18008 | Lair:1   | Reached XP level 13. HP: 90/96 MP: 0/0
 18008 | Lair:1   | Learned a level 5 spell: Lee's Rapid Deconstruction
 19083 | Lair:1   | Upgraded the game from 0.30.0-20-g3b4254fcbd to
                  | 0.30.0-29-ga12c61a403
 20708 | Lair:3   | Reached skill level 5 in Armour
 21481 | Lair:3   | Reached skill level 10 in Fighting
 21481 | Lair:3   | Noticed a seven-headed hydra
 22430 | Lair:3   | Reached skill level 5 in Polearms
 22638 | Lair:3   | Killed a seven-headed hydra
 22639 | Lair:3   | Reached skill level 1 in Shields
 22664 | Lair:3   | Found a staircase to the Snake Pit.
 22868 | Lair:3   | Found a staircase to the Shoals.
 22946 | Lair:3   | Reached XP level 14. HP: 102/108 MP: 0/0
 23238 | Lair:3   | Found a staircase to the Snake Pit.
 23487 | Lair:3   | Found a staircase to the Shoals.
 24510 | Lair:4   | Reached skill level 5 in Shields
 25244 | Lair:4   | Found a large runed translucent door.
 25244 | Lair:4   | Found a large runed translucent door.
 25245 | Lair:4   | Noticed Juirae's ghost (journeyman TrMo)
 25730 | Lair:4   | Found a staircase to the Slime Pits.
 25852 | Lair:4   | Found an opulent altar of Gozag.
 26347 | Lair:4   | Found an opulent altar of Gozag.
 26632 | Lair:4   | Found a staircase to the Slime Pits.
 26952 | Lair:5   | Entered Level 5 of the Lair of Beasts
 27617 | Lair:5   | Reached XP level 15. HP: 97/120 MP: 0/0
 27617 | Lair:5   | Learned a level 6 spell: Conjure Ball Lightning
 28020 | Lair:5   | Reached skill level 10 in Dodging
 30166 | D:7      | Killed Crazy Yiuf
 30358 | D:12     | Found a gate leading to a gauntlet.
 30369 | Gauntlet | Entered a Gauntlet
 30369 | Gauntlet | Found a transporter.
 30369 | Gauntlet | Found a transporter.
 30370 | Gauntlet | Identified the +0 pair of boots of Emuolucs {Will+++ Str-3
                  | Slay-3 SInv}
 30371 | Gauntlet | Found a transporter.
 30382 | Gauntlet | Found a transporter.
 30398 | Gauntlet | Found a transporter.
 30400 | Gauntlet | Found a transporter.
 30400 | Gauntlet | Identified the ring of Qifuryco {+Blink AC+4}
 30403 | Gauntlet | Found a transporter.
 30403 | Gauntlet | Found a transporter.
 30419 | Gauntlet | Identified the ring of Vuth {+Blink Fly rC- Will+ Str+5}
 30420 | Gauntlet | Found a transporter.
 30428 | Gauntlet | Found the +5 demon whip "Spellbinder" {antimagic, disrupt,
                  | Will+}
 30435 | Gauntlet | Identified the ring of the Leaf {EV+5 Int+5 Dex-5}
 30436 | Gauntlet | Found a transporter.
 30446 | Gauntlet | Found a transporter.
 30450 | Gauntlet | Found a transporter.
 30498 | Gauntlet | Found a transporter.
 30516 | Gauntlet | Found a transporter.
 30729 | Gauntlet | Identified the ring "Nushiura" {rN+ SInv}
 30893 | D:11     | Reached **** piety under Ashenzari
 31670 | D:12     | Found a corrupted altar of Lugonu.
 31724 | D:12     | Found a transporter.
 31727 | D:12     | Found a transporter.
 31727 | D:12     | Identified the +6 war axe "Gextixku" {antimagic, rC+ Int+5
                  | Dex+2}
 31894 | Orc:1    | Entered Level 1 of the Orcish Mines
 32369 | Orc:2    | Entered Level 2 of the Orcish Mines
 32545 | Orc:2    | Found Qeulil's Book Boutique.
 32836 | Orc:2    | Found a staircase to the Elven Halls.
 33190 | Orc:2    | Reached XP level 16. HP: 97/130 MP: 0/0
 34297 | Orc:2    | Found Ahell's Antique Weapon Shop.
 34300 | Orc:2    | Found Gariuriaq's Magic Scroll Shop.
 34301 | Orc:2    | Found Muxtith's Antique Armour Shop.
 34302 | Orc:2    | Found Giakhlibb's Antique Weapon Boutique.
 34309 | Orc:2    | Bought a dazzling sling for 201 gold pieces
 34309 | Orc:2    | Identified the +5 sling of the Pillar {freeze, rPois Int+4
                  | Dex+6 Stlth-} (You bought it in a shop on level 2 of the
                  | Orcish Mines)
 34313 | Orc:2    | Bought a faintly glowing leather armour for 210 gold pieces
 34313 | Orc:2    | Identified the +3 leather armour "Cyotojuk" {Dex+3 Stlth+}
                  | (You bought it in a shop on level 2 of the Orcish Mines)
 34584 | Orc:2    | Found Qeulil's Book Boutique.
 34721 | Orc:2    | Found a staircase to the Elven Halls.
 34791 | Orc:2    | Found Ahell's Antique Weapon Shop.
 34793 | Orc:2    | Found Giakhlibb's Antique Weapon Boutique.
 34796 | Orc:2    | Found Gariuriaq's Magic Scroll Shop.
 34797 | Orc:2    | Found Muxtith's Antique Armour Shop.
 35459 | D:13     | Noticed Nessos
 35462 | D:13     | Killed Nessos
 35671 | D:13     | Found a gate to the Vaults.
 35931 | D:13     | Found a gate to the Vaults.
 36455 | D:14     | Identified the +9 rapier "Xecerois" {flame, rC+ Str-2 SInv}
 36565 | D:14     | Noticed Josephine
 37528 | D:14     | Killed Josephine
 37882 | D:15     | Entered Level 15 of the Dungeon
 38349 | D:15     | Found a staircase to the Depths.
 38349 | D:15     | Noticed a fire giant
 38387 | D:15     | Killed a fire giant
 38732 | D:15     | Found a basalt altar of Yredelemnul.
 38903 | D:15     | Found a basalt altar of Yredelemnul.
 38927 | D:15     | Found a staircase to the Depths.
 39786 | Snake:1  | Entered Level 1 of the Snake Pit
 39866 | Snake:1  | Found Geyzxur's Neck Hole.
 39878 | Snake:1  | Bought the amulet of Light {Fly rC- rN+++ Regen+} for 690
                  | gold pieces
 40455 | Snake:1  | Reached XP level 17. HP: 96/135 MP: 0/0
 40455 | Snake:1  | Learned a level 6 spell: Summon Cactus Giant
 41163 | Snake:2  | Reached skill level 15 in Spellcasting
 41486 | Snake:2  | Found Koett's Self-Improvement Boutique.
 41742 | Snake:2  | Noticed Vashnia
 41783 | Snake:2  | Killed Vashnia
 42014 | Snake:3  | Noticed Asterion
 42019 | Snake:3  | Killed Asterion
 42886 | Snake:3  | Noticed Aizul
 42893 | Snake:3  | Killed Aizul
 43164 | Snake:3  | Found Kall's Magic Scroll Shoppe.
 43171 | Snake:3  | Found Dountaotra's Distillery.
 43598 | Snake:3  | Found Kall's Magic Scroll Shoppe.
 43598 | Snake:3  | Found Dountaotra's Distillery.
 44075 | Snake:4  | Entered Level 4 of the Snake Pit
 44075 | Snake:4  | Found Lasuugho's Jewellery Emporium.
 44506 | Snake:4  | Reached XP level 18. HP: 131/143 MP: 0/0
 46059 | Snake:4  | Got a serpentine rune of Zot
 46372 | Snake:4  | Found Lasuugho's Jewellery Emporium.
 47044 | Elf:1    | Entered Level 1 of the Elven Halls
 47051 | Elf:1    | HP: 4/143 [+4 dire flail of protection (24)]
 47166 | Elf:1    | Identified the +6 mace of Puwotoug {freeze, rN++}
 47237 | Elf:1    | Noticed Agnes
 47349 | Elf:1    | Killed Agnes
 47396 | Elf:1    | Found Ygroufel's Magic Scroll Shop.
 47422 | Elf:1    | Found Epiocw's Assorted Antiques.
 47785 | Elf:1    | Reached skill level 10 in Armour
 47978 | Elf:1    | Found a runed translucent gate.
 47978 | Elf:1    | Found a runed translucent gate.
 47978 | Elf:1    | Found a runed translucent gate.
 47978 | Elf:1    | Found a runed translucent gate.
 47978 | Elf:1    | Found a runed translucent gate.
 47979 | Elf:1    | Found a runed translucent gate.
 48041 | Elf:1    | Reached skill level 10 in Shields
 48422 | Elf:1    | Found Epiocw's Assorted Antiques.
 48428 | Elf:1    | Found Ygroufel's Magic Scroll Shop.
 48638 | Elf:1    | Found a runed translucent gate.
 48638 | Elf:1    | Found a runed translucent gate.
 48638 | Elf:1    | Found a runed translucent gate.
 48638 | Elf:1    | Found a runed translucent gate.
 48638 | Elf:1    | Found a runed translucent gate.
 48639 | Elf:1    | Found a runed translucent gate.
 49456 | Elf:2    | Reached XP level 19. HP: 112/150 MP: 0/0
 49456 | Elf:2    | Learned a level 6 spell: Dispersal
 49666 | Elf:2    | Found Qoiliusu's Antique Weapon Boutique.
 49673 | Elf:2    | Bought an ancient sling for 260 gold pieces
 49673 | Elf:2    | Identified the +6 sling of Internal Strife {speed, rCorr
                  | Str+3 Int+2 Dex-5} (You bought it in a shop on level 2 of
                  | the Elven Halls)
 49736 | Elf:2    | Found a runed translucent gate.
 49736 | Elf:2    | Found a runed translucent gate.
 49736 | Elf:2    | Found a runed translucent gate.
 49777 | Elf:2    | Reached skill level 15 in Fighting
 50331 | Elf:3    | Entered Level 3 of the Elven Halls
 50862 | Elf:3    | Paralysed by an air elemental for 1 turns
 50888 | Elf:3    | Noticed a deep elf blademaster
 50891 | Elf:3    | Killed a deep elf blademaster
 50955 | Elf:3    | Noticed a deep elf blademaster
 50957 | Elf:3    | Killed a deep elf blademaster
 51206 | Elf:3    | Identified the +3 dire flail of Context {venom, Str+3} (You
                  | took it off a deep elf zephyrmancer on level 3 of the Elven
                  | Halls)
 51408 | Elf:3    | Identified the +0 scale mail "Rarim" {rF+}
 51504 | Elf:3    | Identified the +0 great sword "Jejoa" {freeze, Drain rElec
                  | rPois rF++}
 51504 | Elf:3    | Found the +7 Spriggan's Knife {stab, EV+4 Stlth+}
 51504 | Elf:3    | Identified the staff of air "Pieg" {rElec rPois rN+ Int+4
                  | SInv}
 51504 | Elf:3    | Identified the +1 leather armour "Waonk" {Drain rElec
                  | Str+2}
 51530 | Elf:3    | Reached XP level 20. HP: 150/157 MP: 0/0
 51556 | Elf:3    | Identified the staff of cold "Keummolu" {rC+ Dex+8}
 51558 | Elf:3    | Identified the +4 spear of the Middle {heavy, rF+ Int+2}
 51569 | Elf:3    | Identified the +2 double sword of the Median {venom, Fly
                  | rPois Will- Str+8}
 51601 | Elf:3    | Identified the +5 dagger "Banquo's Peril" {heavy, rCorr}
 51606 | Elf:3    | Identified the staff of poison "Cimie" {Drain rPois Will-
                  | rCorr Str+4}
 52675 | Shoals:1 | Entered Level 1 of the Shoals
 54755 | Shoals:2 | Noticed Ilsuiw
 55938 | Shoals:2 | Killed Ilsuiw
 56389 | Shoals:2 | Identified the +1 animal skin of Modghoby {rF+ rN+}
 59027 | Shoals:4 | Entered Level 4 of the Shoals
 59938 | Shoals:4 | Reached XP level 21. HP: 124/165 MP: 0/0
 59938 | Shoals:4 | Learned a level 7 spell: Malign Gateway
 61853 | Shoals:4 | Got a barnacled rune of Zot
 63172 | Vaults:1 | Entered Level 1 of the Vaults
 64538 | Vaults:1 | Reached XP level 22. HP: 175/175 MP: 0/0
 68877 | Vaults:3 | Found a portal to a secret trove of treasure.
 69632 | Vaults:3 | Noticed a bone dragon
 69639 | Vaults:3 | Killed a bone dragon
 69714 | Vaults:3 | Found a staircase to the Crypt.
 69814 | Vaults:3 | Reached XP level 23. HP: 173/192 MP: 0/0
 69814 | Vaults:3 | Learned a level 7 spell: Monstrous Menagerie
 70153 | Vaults:3 | Noticed Boris
 70412 | Vaults:3 | Killed Boris
 70636 | Vaults:3 | Found a portal to a secret trove of treasure.
 71044 | Vaults:3 | Found a staircase to the Crypt.
 71136 | Vaults:4 | Reached skill level 15 in Shields
 71444 | Vaults:4 | Found Tivy's Distillery.
 71463 | Vaults:4 | Identified Ixasihui's Vellum of Reconstruction
 72236 | Vaults:4 | Found Bohoifij's Magic Scroll Emporium.
 72254 | Vaults:4 | Found Sausmoy's Distillery.
 72689 | Vaults:4 | Found Sausmoy's Distillery.
 72698 | Vaults:4 | Found Bohoifij's Magic Scroll Emporium.
 73238 | Vaults:4 | Found Tivy's Distillery.
 73693 | Depths:1 | Entered Level 1 of the Depths
 74023 | Depths:1 | Found a stormy altar of Qazlal.
 74064 | Depths:1 | Identified the +2 sling "Buxy" {drain, rN+ MP+9 Str-5}
 74192 | Depths:1 | Reached skill level 10 in Polearms
 74546 | Depths:1 | Noticed Bai Suzhen
 74843 | Depths:1 | Killed Bai Suzhen
 74844 | Depths:1 | Reached XP level 24. HP: 147/201 MP: 0/0
 75038 | Depths:1 | Found a gateway to Hell.
 75203 | Depths:1 | Found a stormy altar of Qazlal.
 75604 | Depths:1 | Found a gateway to Hell.
 76222 | Depths:2 | Found a one-way gate leading to the halls of Pandemonium.
 76515 | Depths:2 | Identified the ring "Zuidd" {rElec rPois rC- rN+ EV+5}
 77798 | Depths:2 | Identified the +3 shadow dragon scales "Guesam" {Will+
                  | Str+2 Int-5 Slay+3 Stlth++++}
 77899 | Depths:2 | Found the +2 cloak of the Thief {*Fog Slay-2 SInv Stlth+}
 77962 | Depths:2 | Found a shadowy altar of Dithmenos.
 78332 | Depths:2 | Found a one-way gate leading to the halls of Pandemonium.
 79255 | Depths:3 | Identified the ring "Ruklili" {Wiz *Corrode rPois rF+++
                  | Dex-4}
 79257 | Depths:3 | Found a viscous altar of Jiyva.
 79316 | Depths:3 | Found a one-way gate to the infinite horrors of the Abyss.
 79340 | Depths:3 | Found a magical portal.
 79431 | WizLab   | Entered The Roulette of Golubria
 79431 | WizLab   | Found a transporter.
 79434 | WizLab   | Identified the +0 cloak of Rihosek {rElec Will+ rCorr
                  | Int+2}
 79434 | WizLab   | Found a corrupted altar of Lugonu.
 79473 | WizLab   | Found a transporter.
 79474 | WizLab   | Identified the +1 cloak "Lissou" {rN+}
 79486 | WizLab   | Found a transporter.
 79520 | WizLab   | Found a corrupted altar of Lugonu.
 79531 | WizLab   | Found a transporter.
 79565 | WizLab   | Found a transporter.
 79568 | WizLab   | Found a corrupted altar of Lugonu.
 79668 | WizLab   | Found a transporter.
 79671 | WizLab   | Found a transporter.
 79702 | WizLab   | Found a transporter.
 79788 | WizLab   | Found a transporter.
 79820 | WizLab   | Found a transporter.
 79909 | WizLab   | Found a transporter.
 79909 | WizLab   | Found a transporter.
 79934 | WizLab   | Found a transporter.
 79934 | WizLab   | Found a transporter.
 79984 | WizLab   | Found a transporter.
 79984 | WizLab   | Found a transporter.
 80044 | WizLab   | Found a transporter.
 80044 | WizLab   | Found a transporter.
 80047 | WizLab   | Reached XP level 25. HP: 206/206 MP: 0/0
 80047 | WizLab   | Learned a level 8 spell: Borgnjor's Revivification
 80243 | WizLab   | Found a transporter.
 80243 | WizLab   | Found a transporter.
 80383 | Depths:3 | Found a transporter.
 80397 | Depths:3 | Found a transporter.
 80607 | Depths:3 | Acquired a manual of Dodging
 81151 | Depths:3 | Found a one-way gateway to a ziggurat.
 81485 | Depths:4 | Entered Level 4 of the Depths
 81731 | Depths:4 | Reached ***** piety under Ashenzari
 81831 | Depths:4 | Found Raddies's Antique Armour Emporium.
 81836 | Depths:4 | Found Qomnas's Magic Scroll Shoppe.
 81874 | Depths:4 | Found Evedi's Armour Emporium.
 82115 | Depths:4 | Found Jocyj's Antique Weapon Shop.
 82119 | Depths:4 | Bought a jewelled short sword for 312 gold pieces
 82119 | Depths:4 | Identified the +6 short sword of Faxeiruzu {heavy, rElec
                  | Dex+2} (You bought it in a shop on level 4 of the Depths)
 82119 | Depths:4 | Bought an ivory spear for 312 gold pieces
 82119 | Depths:4 | Identified the +12 spear "Qerchemp" {speed, rPois Will+
                  | Dex-3 Stlth+} (You bought it in a shop on level 4 of the
                  | Depths)
 82119 | Depths:4 | Bought a polished sling for 253 gold pieces
 82119 | Depths:4 | Identified the +0 sling "Tidolion" {freeze, rElec rCorr
                  | Str+4 Int-3} (You bought it in a shop on level 4 of the
                  | Depths)
 82332 | Depths:4 | Found Picuxike's Book Emporium.
 82335 | Depths:4 | Noticed Parghit
 82346 | Depths:4 | Parghit changed into Parghit the shapeshifter
 82544 | Depths:4 | Found a gate to the Realm of Zot.
 83260 | Vaults:3 | You paid a toll of +8 gold dragon scales to enter a
                  | treasure trove
 83261 | Trove    | Entered a treasure trove
 83284 | Trove    | Identified the amulet "Xeahoutt" {Faith rF++}
 83309 | Trove    | Identified the +5 arbalest of False Accusations {antimagic,
                  | Contam rElec rPois Int+4}
 83309 | Trove    | Identified the +5 halberd of Baudon {freeze, rElec}
 83717 | Snake:4  | Bought the ring of Xom's Entertainment {rPois Will++ AC+4
                  | Str+3 Dex+3} for 1180 gold pieces
 84104 | Crypt:1  | Entered Level 1 of the Crypt
 84111 | Crypt:1  | Reached skill level 15 in Dodging
 85648 | Crypt:2  | Noticed Vv
 86193 | Crypt:2  | Killed Vv
 86194 | Crypt:2  | Reached XP level 26. HP: 132/221 MP: 0/0
 86215 | Crypt:2  | Reached XP level 27. HP: 166/228 MP: 0/0
 86215 | Crypt:2  | Learned a level 9 spell: Death's Door
 86297 | Crypt:2  | Identified the +7 dagger of Zydghairo {flame, Fly Dex+3}
 86653 | D:12     | Reached skill level 15 in Armour
 86944 | Elf:1    | Reached skill level 1 in Axes
 87234 | Lair:4   | Killed Juirae's ghost
 87702 | Depths:3 | Paralysed by a floating eye for 2 turns
 88282 | D:$      | Got out of the dungeon!

Illustrated notes

Levels and vault maps discovered:
D:1:      psy_arrival_radial01, layout_loops_corners
D:2:      layout_basic, serial_corexii_hall, chequers_hall_statues_corner_a,
          chequers_hall_statues_wall_a, corexii_hall_statues_l,
          corexii_hall_statues_i, corexii_hall_statues_deadend,
          corexii_hall_statues_i, hellmonk_ecumenical_altar_inner_sanctum,
          minmay_misc_feat_secret_circle, chequers_hall_statues_corner_a,
          uniq_natasha
D:3:      layout_basic, nicolae_overflow_squiral, minmay_diced_spiral,
          uniq_grinder, uniq_sigmund
D:4:      layout_gridville, overflow_temple_1_default,
          mainiacjoe_overflow_cross_hatched, nicolae_shop_firing_range
D:5:      layout_loops_ring, minitemple, mainiacjoe_overflow_large_starburst,
          serial_shops, nicolae_shop_peninsula, shop, shop_fountains,
          nicolae_diamond_shop, nicolae_shop_waterfront
D:6:      layout_loops_ring, nicolae_concentric_dashed_squares_wild,
          lexackson_kobold_supper, uniq_blork_the_orc, uniq_edmund
D:7:      cheibrodos_statue_roulette, layout_basic, minmay_temple_entry_grid,
          uniq_crazy_yiuf_cottage
D:8:      layout_rooms
D:9:      minmay_the_grid_octo_tiled_squarecenter [minmay_the_grid_octo_teeth,
          minmay_the_grid_octo_vomiting_pacman, minmay_the_grid_octo_pinwheel,
          minmay_the_grid_octo_odd_swirl,
          minmay_the_grid_square_5x5_megaprize_hollow,
          minmay_the_grid_square_5x5_minivault,
          minmay_the_grid_square_5x5_slash, minmay_the_grid_square_5x5_bite,
          minmay_the_grid_square_5x5_plus], layout_long_grid, serial_shops,
          nicolae_shop_waterfront, minivault_16, minmay_unpleasant_kobolds,
          uniq_amaemon
D:10:     layout_layer_cave, nicolae_tso_swordbearing_angel,
          grunt_dithmenos_smoke_and_mirrors, chequers_big_river,
          kennysheep_another_room
D:11:     layout_stronghold, hellmonk_lair_entry_icy, minmay_circle_x,
          uniq_maurice
D:12:     gammafunk_corrupted_shrine, layout_basic, gauntlet_entry_generic,
          kb_rosetta
D:13:     layout_rooms, erik_vaults_1, uniq_nessos
D:14:     layout_basic, minmay_liquid_box, uniq_josephine
D:15:     grunt_enter_depths_giant_problem, layout_long_grid,
          yredelemnul_altar_generic
Temple:   nicolae_temple_bog_church
Lair:1:   layout_small_grid, lemuel_fruit_tree, lemuel_fruit_fields, uniq_sonja
Lair:2:   layout_hall_layers
Lair:3:   minmay_lair_oklob_tunnel, layout_chaotic_city,
          minmay_shoals_entry_hut, minmay_snake_entry_six_corridors,
          grunt_forest_large_clearings
Lair:4:   hangedman_what_comes_after_a, layout_regular_city,
          dpeg_slime_entry_enclosed, basic_altar, ebering_ghost_disaster_area,
          infiniplex_staircase_pool_2
Lair:5:   grunt_lair_end_beastmaster, layout_loops_ring, patterned_corridor,
          grunt_megastairs_4
Shoals:1: layout_shoals
Shoals:2: argonaut_golden_fleece, layout_shoals, uniq_ilsuiw
Shoals:3: layout_shoals
Shoals:4: shoals_end_hangedman, layout_shoals,
          nicolae_shoals_arrival_archipelago
Snake:1:  layout_honeycomb, nicolae_shop_sticking_my_neck_out,
          serial_bayou_shore_a
Snake:2:  layout_basic, nicolae_shop_self_help, uniq_vashnia
Snake:3:  layout_gridlike, minmay_shoptagon, uniq_asterion, uniq_aizul
Snake:4:  grunt_snake_rune_pools, layout_cave_town, serial_shops, shop
Orc:1:    layout_diamond_mine
Orc:2:    st_orc_pillars, layout_caves, serial_shops, shop, mines2_lemuel
Elf:1:    nicolae_elf_arrival_fired_up, layout_geoelf_diagonals, orc_legates,
          minmay_shop_star, uniq_agnes
Elf:2:    elven_hall_of_blades_hangedman_original [nicolae_blade_little_rooms],
          layout_gridlike, serial_shops, shop, hex_medium, st_stairs_6,
          grunt_megastairs_5
Elf:3:    minmay_elf_hall_circle, layout_geoelf_grid
Vaults:1: nicolae_vaults_more_shelving_2, v_misc_29, grunt_vaults_twisty,
          v_pattern_4, hangedman_vaults_trim, nicolae_vaults_storage_room_doors,
          ontoclasm_vaults_gateway, nicolae_vaults_double_plus_2, v_misc_14,
          vaults_room_grunt_arrival_ludios, nicolae_vaults_security_offices_4,
          nicolae_vaults_little_ls, layout_vaults_omnibox
Vaults:2: nicolae_vaults_arrows, v_pattern_1, nicolae_vaults_little_squares_4,
          nicolae_vaults_six-pack, hangedman_vaults_stream,
          nicolae_vaults_closet_pinwheel_4, nicolae_vaults_network_quincunx
          [nicolae_vaults_network_quincunx_subvault,
          nicolae_vaults_network_quincunx_subvault,
          nicolae_vaults_network_quincunx_subvault,
          nicolae_vaults_network_quincunx_subvault,
          nicolae_vaults_network_quincunx_subvault], layout_vaults_omnigrid
Vaults:3: nicolae_vaults_mitosis, v_rooms_2, nicolae_vaults_theta,
          minmay_crypt_entry_nasty_monster, nicolae_vaults_trapezoid_lopsided_3,
          nicolae_vaults_little_guard_posts, layout_vaults_omnicross,
          enter_trove_1, uniq_boris
Vaults:4: hangedman_vaults_variations, vaults_room_pools, v_rooms_6,
          nicolae_vaults_c_with_doors, hangedman_vaults_pinch,
          nicolae_vaults_tetromino_Z_1, vaults_mumra_minichess,
          hangedman_vaults_snaps, nicolae_vaults_spaceships,
          nicolae_vaults_storage_room_statues, vaults_room_pool,
          nicolae_vaults_trapezoid_lopsided_3, layout_vaults_ring, serial_shops,
          nicolae_shop_statue_plus, shop, shop
Crypt:1:  statuecave_lemuel, layout_misc_corridors,
          ebering_dispersal_statue_hall, serial_sigils_hangedman_quiver,
          grunt_megastairs_2
Crypt:2:  layout_catacombs, serial_sigils_hangedman_clutch, uniq_vv,
          uniq_margery
Depths:1: layout_small_grid, serial_bayou_pond_d, hangedman_coc_ice_floe,
          grunt_qazlal_clouds, nicolae_integral_box,
          infiniplex_staircase_pool_lava, uniq_bai_suzhen
Depths:2: regret_index_dithmenos_brocken_genspenst, layout_gridlike,
          grunt_pan_entry_zigzag, minmay_misc_feat_square, hell_entry
Depths:3: gammafunk_jiyva_shrine, layout_long_grid, enter_ziggurat_b,
          abyss_entry, infiniplex_enter_wizlab_glasses, grunt_metal_band,
          minmay_fountain_box, grunt_megastairs_3, serial_bayou_shore_b
Depths:4: evilmike_zot_entry_diamond, layout_twisted_cross,
          nicolae_benzene_ring, hell_entry, serial_shops,
          nicolae_shop_waterfront, nicolae_shop_back_alley_shop,
          nicolae_inconvenience_store, nicolae_book_shop_shelving, shop,
          minmay_door_square, uniq_parghit

Skill      XL: |  1  2  3  4  5  6  7  8  9 10 11 12 13 14 15 16 17 18 19 20 21 22 23 24 25 26 27 |
---------------+----------------------------------------------------------------------------------+-----
Fighting       | 1 2 3 4 5 6 7 8 10 13 14 15 16 17 19 | 19.9
Spellcasting   | 3 4 5 7 8 10 11 12 13 14 15 16 17 18 19 | 19.9
Dodging        | 3 4 5 7 8 9 10 11 12 13 18 | 18.0
Armour         | 3 6 7 8 9 10 11 12 14 15 | 15.0
Polearms       | 2 5 6 7 8 9 10 12 | 12.2
Shields        | 1 6 7 8 9 10 11 13 14 16 18 19 | 19.1
Axes           | 4 |  4.0
Stealth        | |  1.5

Action                     |  1- 3 |  4- 6 |  7- 9 | 10-12 | 13-15 | 16-18 | 19-21 | 22-24 | 25-27 || total
---------------------------+-------+-------+-------+-------+-------+-------+-------+-------+-------++-------
  Melee: Dagger            |     7 |    30 |    64 |     3 |       |       |       |       |       ||   104
         Punch             |       |       |     2 |       |       |       |       |       |       ||     2
         Staff             |       |       |       |     2 |     1 |     1 |    18 |       |       ||    22
         Trishula          |       |       |       |       |       |       |    19 |       |       ||    19
   Cast: Magic Dart        |    64 |    49 |   106 |       |       |       |       |       |     2 ||   221
         Call Imp          |     5 |     7 |    19 |    15 |     3 |     2 |     2 |     2 |       ||    55
         Mephitic Cloud    |       |     6 |    23 |     4 |     2 |     2 |       |     2 |       ||    39
         Slow              |       |     1 |       |       |       |       |       |       |       ||     1
         Volatile Blastmot |       |       |     9 |    12 |       |       |       |       |       ||    21
         Airstrike         |       |       |    65 |   300 |   338 |   371 |   517 |   269 |    85 ||  1945
         Blink             |       |       |       |     3 |       |     1 |       |       |     2 ||     6
         Cause Fear        |       |       |       |     2 |     3 |       |       |       |       ||     5
         Lee's Rapid Decon |       |       |       |       |   240 |   250 |   195 |   347 |   179 ||  1211
         Conjure Ball Ligh |       |       |       |       |    28 |    40 |    44 |    12 |     9 ||   133
         Summon Cactus Gia |       |       |       |       |       |    15 |    77 |    51 |    53 ||   196
         Dispersal         |       |       |       |       |       |       |     6 |       |       ||     6
         Malign Gateway    |       |       |       |       |       |       |    13 |    60 |    22 ||    95
         Monstrous Menager |       |       |       |       |       |       |       |    46 |    33 ||    79
 Invoke: Curse Item        |       |       |     1 |     3 |     3 |       |     1 |     2 |     3 ||    13
         Shatter the Chain |       |       |       |       |     1 |     2 |     1 |       |     1 ||     5
  Evoke: Wand              |       |       |       |       |       |       |       |       |     1 ||     1
    Use: Scroll            |       |       |     7 |     6 |       |     1 |     1 |       |     1 ||    16
         Potion            |       |       |       |     1 |       |     4 |       |       |     1 ||     6
   Stab: Confused          |       |     1 |     5 |       |       |       |       |       |       ||     6
         Sleeping          |       |       |     1 |       |       |     1 |       |       |       ||     2
 Armour: Robe              |     9 |     8 |    25 |       |       |       |       |       |       ||    42
         Leather armour    |       |       |       |    18 |       |    12 |    42 |    32 |    15 ||   119
         Troll leather arm |       |       |       |       |    13 |     4 |       |       |       ||    17
  Dodge: Dodged            |    18 |    20 |    40 |    87 |    30 |    51 |    87 |    75 |    27 ||   435
  Block: Buckler           |       |       |       |       |    10 |    25 |       |       |       ||    35
         Kite shield       |       |       |       |       |       |       |    92 |    89 |    38 ||   219
